 Dungeon Crawl Stone Soup version 0.21.1-72-gffa868e0fe (webtiles) character file.

12245 Pisosu the Severer (level 11, -8/151 HPs)
             Began as a Minotaur Fighter on Aug 3, 2018.
             Was a High Priest of Trog.
             Mangled by an orc knight
             ... wielding a +0 great sword
              (16 damage)
             ... on level 2 of the Orcish Mines.
             The game lasted 00:39:44 (11233 turns).

Pisosu the Severer (Minotaur Fighter)              Turns: 11233, Time: 00:39:45

Health: -8/151     AC: 16    Str: 29    XL:     11   Next: 59%
Magic:  10/10      EV:  8    Int:  5    God:    Trog [*****.]
Gold:   977        SH:  0    Dex: 10    Spells: 10/10 levels left

rFire    . . .     SeeInvis .   w - +4 battleaxe (drain)
rCold    . . .     Gourm    .   (shield currently unavailable)
rNeg     . . .     Faith    .   C - +0 plate armour
rPois    .         Spirit   .   (helmet restricted)
rElec    .         Reflect  .   z - +0 cloak
rCorr    .         Harm     .   (no gloves)
MR       ++...                  (no boots)
Stlth    ..........             (no amulet)
HPRegen  1.35/turn              (no ring)
MPRegen  0.12/turn              (no ring)

@: berserking, regenerating, very quick
A: retaliatory headbutt, horns 2
a: Berserk, Trog's Hand, Brothers in Arms, Burn Spellbooks, Renounce Religion


You were on level 2 of the Orcish Mines.
You worshipped Trog.
Trog was extremely pleased with you.
You were very hungry.

You visited 3 branches of the dungeon, and saw 13 of its levels.

You collected 1349 gold pieces.
You spent 372 gold pieces at shops.

Inventory:

Hand Weapons
 b - a +2 hand axe of holy wrath
 g - a +3 war axe
 w - a +4 battleaxe of draining (weapon)
 M - a +6 hand axe of freezing
Armour
 c - a +0 shield
 q - a +2 chain mail of fire resistance
 z - a +0 cloak (worn)
 C - a +0 plate armour (worn)
 K - a +1 chain mail of cold resistance
Wands
 a - a wand of polymorph (27)
 x - a wand of paralysis (25)
 F - a wand of clouds (6)
 H - a wand of acid (11)
 I - a wand of enslavement (10)
Scrolls
 h - 5 scrolls of remove curse
 j - 3 scrolls of teleportation
 r - 5 scrolls of identify
 t - a scroll of fog
 y - a scroll of blinking {unknown}
 D - a scroll of magic mapping
 E - a scroll of fear
Potions
 d - 2 potions of might
 e - 2 potions of mutation {unknown}
 k - a potion of invisibility {unknown}
 l - 4 potions of brilliance {unknown}
 m - a potion of berserk rage {unknown}
 n - 2 potions of haste
 o - a potion of magic {unknown}
 p - a potion of cancellation {unknown}
 s - a potion of flight {unknown}
 u - a potion of curing {unknown}
 v - 3 potions of heal wounds
 A - 3 potions of lignification {unknown}
 B - a potion of agility {unknown}
 G - a potion of degeneration {unknown}
Miscellaneous
 J - a sack of spiders
Comestibles
 f - 23 rations
 i - 12 chunks of flesh


   Skills:
 + Level 10.5 Fighting
 + Level 15.3 Axes
 + Level 11.1 Armour
 - Level 0.2 Dodging
 + Level 6.8 Shields


You had 10 spell levels left.
You didn't know any spells.

Dungeon Overview and Level Annotations

Branches:
Dungeon (10/15)            Temple (0/1) D:4            Lair (0/6) D:10
    Orc (2/2) D:10            Elf (1/3) Orc:2

Altars:
Kikubaaqudgha
Makhleb
Ru
Trog
Uskayaw
Wu Jian
Xom
Zin
The Shining One

Shops:
D:4 %   D:10 }[(


Innate Abilities, Weirdness & Mutations

You reflexively headbutt those who attack you in melee.
You have a pair of horns on your head.


Message History

You drain the orc knight! Your headbutt misses the orc knight.
The orc knight is severely wounded.
You hit the troll. You drain the troll! The troll bites you but does no damage.
The troll claws you.
* * * LOW HITPOINT WARNING * * *
The troll closely misses you.
The orc knight hits you with a great sword.
* * * LOW HITPOINT WARNING * * *
You hit the orc knight. You headbutt the orc knight.
The orc knight is almost dead.
You slash the troll!
You kill the troll!
Trog accepts your kill.
The troll leather armour is intact enough to wear.
The orc warrior hits you but does no damage.
Your plate armour prevents you from hitting the orc knight.
You headbutt the orc knight, but do no damage.
The orc knight is almost dead.
The orc knight hits you with a great sword!
You die...

.....##.........
....))#..................
.......))....#...........
...........###...........
.#..........# ...........
###.........# #..........
............###..........
..............#..)o......
..............#.@o......$
.................[#......
.....#...........## #....
....#.##..........# ...
..... ##........## . ##
#.##....## #.. ##...# ##.
#.### ## #.#


You could see an orc knight and an orc warrior.

Vanquished Creatures
  Erolcha (Orc:1)
  2 two-headed ogres (D:9)
  The ghost of brittlin the Cleaver, a novice HOFi of Okawaru (D:8)
  The ghost of 3rdEnemy the Archer, a novice CeHu of Okawaru (D:6)
  Pikel (D:3)
  A salamander (shapeshifter) (Elf:1)
  A gargoyle (D:10)
  A komodo dragon (D:10)
  Grinder (D:4)
  Prince Ribbit (D:6)
  4 trolls
  2 dream sheep
  A hippogriff (D:7)
  A wyvern (D:10)
  2 yaks (D:7)
  3 wargs
  Menkaure (D:6)
  Duvessa (D:6)
  3 sky beasts
  8 orc warriors
  2 slaves (D:3)
  A swamp drake (D:10)
  2 black bears
  9 ogres
  2 crocodiles (D:10)
  3 centaurs
  3 big kobolds
  Blork the orc (D:4)
  Dowan (D:6)
  2 scorpions
  10 wights
  A howler monkey (D:4)
  3 crimson imps
  A bullfrog zombie (D:6)
  A quasit (D:10)
  8 hounds
  7 orc priests
  Crazy Yiuf (D:4)
  2 centaur skeletons
  21 orc wizards
  A bullfrog skeleton (D:10)
  2 iguanas
  5 worker ants
  A hound zombie (D:5)
  2 hound skeletons
  A worker ant zombie (D:7)
  A gnoll (D:4)
  9 adders
  4 shadow imps
  3 oozes
  3 adder skeletons
  A worm (D:3)
  3 dart slugs
  8 leopard geckos
  28 orcs
  4 ball pythons
  3 giant cockroaches
  2 goblins (D:1)
  6 hobgoblins
  11 jackals
  2 quokkas (D:3)
  4 bats
  8 frilled lizards
  A goblin skeleton (D:7)
  3 hobgoblin zombies (D:7)
  A jackal skeleton (D:7)
  10 kobolds
  A kobold skeleton (D:7)
  3 kobold zombies (D:7)
  3 orc zombies (D:7)
  A quokka skeleton (D:5)
  A quokka zombie (D:7)
  4 rats
  A fungus (D:4)
259 creatures vanquished.

Vanquished Creatures (others)
  An ogre (D:4)
  A human (D:10)
2 creatures vanquished.

Grand Total: 261 creatures vanquished

Notes
Turn   | Place    | Note
-------+----------+-------------------------------------------
     0 | D:1      | Pisosu the Minotaur Fighter began the quest for the Orb.
     0 | D:1      | Reached XP level 1. HP: 19/19 MP: 0/0
   313 | D:1      | Reached XP level 2. HP: 27/27 MP: 1/1
   829 | D:2      | Reached XP level 3. HP: 28/33 MP: 2/2
   997 | D:2      | Found a bloodstained altar of Trog.
  1006 | D:2      | Became a worshipper of Trog the Wrathful
  1319 | D:2      | Reached skill level 3 in Axes
  1319 | D:2      | Reached XP level 4. HP: 38/40 MP: 3/3
  1629 | D:3      | Reached skill level 5 in Armour
  1841 | D:3      | Reached XP level 5. HP: 47/47 MP: 4/4
  1928 | D:3      | Reached skill level 4 in Axes
  2298 | D:3      | Reached * piety under Trog
  2422 | D:4      | Noticed Pikel
  2422 | D:4      | Noticed a slave
  2422 | D:4      | Noticed a slave
  2422 | D:4      | Noticed a slave
  2453 | D:4      | Noticed an ogre
  2582 | D:4      | Killed an ogre
  2582 | D:4      | Reached XP level 6. HP: 43/53 MP: 5/5
  2590 | D:4      | Reached skill level 5 in Axes
  2590 | D:4      | Reached skill level 5 in Shields
  2601 | D:4      | Found a hide-covered altar of Uskayaw.
  2605 | D:4      | Noticed a slave
  2627 | D:3      | Killed a slave
  2644 | D:3      | Killed Pikel
  2644 | D:3      | Reached skill level 5 in Fighting
  2644 | D:3      | Reached skill level 6 in Axes
  2644 | D:3      | Reached XP level 7. HP: 53/61 MP: 6/6
  2752 | D:4      | Noticed Blork the orc
  2764 | D:4      | Killed Blork the orc
  2977 | D:4      | Noticed a hand axe
  2977 | D:4      | Noticed a dagger
  2980 | D:4      | Reached skill level 7 in Axes
  3009 | D:4      | Found a burning altar of Makhleb.
  3040 | D:4      | Noticed Grinder
  3045 | D:4      | Paralysed by Grinder for 5 turns
  3052 | D:4      | Paralysed by Grinder for 4 turns
  3067 | D:4      | Killed Grinder
  3067 | D:4      | Reached XP level 8. HP: 38/70 MP: 7/7
  3370 | D:4      | Found Tasimem's Food Emporium.
  3383 | D:4      | Reached skill level 8 in Axes
  3744 | D:4      | Found a staircase to the Ecumenical Temple.
  3783 | D:4      | Found a runed door.
  3787 | D:4      | Noticed Crazy Yiuf
  3792 | D:4      | Killed Crazy Yiuf
  3850 | D:5      | Entered Level 5 of the Dungeon
  3932 | D:5      | Reached skill level 9 in Axes
  3985 | D:5      | Reached ** piety under Trog
  4382 | D:5      | Found a shimmering altar of Xom.
  4440 | D:5      | Found a sacrificial altar of Ru.
  4627 | D:6      | Noticed 3rdEnemy's ghost (novice CeHu)
  4632 | D:6      | Reached XP level 9. HP: 71/78 MP: 8/8
  4645 | D:6      | Killed 3rdEnemy's ghost
  4645 | D:6      | Reached skill level 10 in Axes
  4646 | D:6      | Noticed Duvessa
  4674 | D:6      | Killed Duvessa
  4706 | D:6      | Noticed Dowan
  4715 | D:6      | Killed Dowan
  4873 | D:6      | Noticed Menkaure
  4876 | D:6      | Killed Menkaure
  5313 | D:6      | Noticed Prince Ribbit
  5329 | D:6      | Killed Prince Ribbit
  5329 | D:6      | Reached skill level 11 in Axes
  5754 | D:7      | Found an ornate altar of the Wu Jian Council.
  5796 | D:7      | Found a glowing golden altar of the Shining One.
  5802 | D:7      | Reached *** piety under Trog
  6304 | D:7      | Reached skill level 12 in Axes
  6444 | D:8      | Noticed brittlin's ghost (novice HOFi)
  6488 | D:8      | Reached XP level 10. HP: 78/88 MP: 9/9
  6549 | D:8      | Killed brittlin's ghost
  7141 | D:7      | Reached skill level 13 in Axes
  7212 | D:8      | Noticed a three-headed hydra
  7389 | D:9      | Reached **** piety under Trog
  7607 | D:9      | Noticed a two-headed ogre
  7615 | D:9      | Killed a two-headed ogre
  7804 | D:9      | Noticed a two-headed ogre
  7900 | D:10     | Entered Level 10 of the Dungeon
  8098 | D:9      | Killed a two-headed ogre
  8098 | D:9      | Reached skill level 14 in Axes
  8406 | D:9      | Found a glowing silver altar of Zin.
  8647 | D:10     | Reached skill level 10 in Armour
  8647 | D:10     | Reached XP level 11. HP: 57/97 MP: 10/10
  8893 | D:10     | Found Epoofuev's General Store.
  8898 | D:10     | Found a staircase to the Orcish Mines.
  9051 | D:10     | Found Worhuha's Antique Armour Shoppe.
  9051 | D:10     | Found Qeocu's Gadget Shop.
  9057 | D:10     | Bought a sack of spiders for 200 gold pieces
  9074 | D:10     | Bought a shiny chain mail for 172 gold pieces
  9240 | D:10     | Found Doas's Antique Weapon Shoppe.
  9370 | D:10     | Found an ancient bone altar of Kikubaaqudgha.
  9559 | D:10     | Found a staircase to the Lair.
  9652 | Orc:1    | Entered Level 1 of the Orcish Mines
  9661 | D:10     | Reached ***** piety under Trog
  9908 | Orc:1    | Noticed Erolcha
 10082 | Orc:1    | Killed Erolcha
 10082 | Orc:1    | Reached skill level 10 in Fighting
 10199 | Orc:2    | Entered Level 2 of the Orcish Mines
 10199 | Orc:2    | Found a staircase to the Elven Halls.
 10210 | Orc:2    | Received a gift from Trog
 10305 | Elf:1    | Entered Level 1 of the Elven Halls
 10474 | Orc:2    | Found a labyrinth entrance.
 10485 | Orc:2    | Reached skill level 15 in Axes
 11218 | Orc:2    | Noticed an orc knight
 11231 | Orc:2    | HP: 7/151 [orc knight/great sword (2)]
 11233 | Orc:2    | Mangled by an orc knight

Skill      XL: |  1  2  3  4  5  6  7  8  9 10 11 |
---------------+----------------------------------+-----
Armour         | 4 5 6 7 8 10 11 | 11.1
Fighting       | 4 5 6 8 9 10 | 10.5
Shields        | 4 6 |  6.8
Axes           | 3 4 6 7 9 12 14 15 | 15.3
Dodging        | |  0.2

Action                   |  1- 3 |  4- 6 |  7- 9 | 10-12 || total
-------------------------+-------+-------+-------+-------++-------
Melee: War axe           |    89 |    16 |       |       ||   105
       Headbutt          |     8 |    22 |    39 |    44 ||   113
       Hand axe          |       |    76 |    20 |     4 ||   100
       Battleaxe         |       |       |   212 |   237 ||   449
       Unarmed           |       |       |    19 |     4 ||    23
Invok: Berserk           |       |       |       |     3 ||     3
       Burn Spellbooks   |       |       |       |     1 ||     1
       Trog's Hand       |       |       |       |     1 ||     1
  Use: Scroll            |       |       |     8 |     4 ||    12
       Potion            |       |       |       |     1 ||     1
  Eat: Chunk             |     1 |     5 |     8 |    11 ||    25
       Ration            |       |       |     1 |     2 ||     3
Armor: Scale mail        |    41 |       |       |       ||    41
       Chain mail        |       |    46 |   110 |       ||   156
       Plate armour      |       |       |    41 |   156 ||   197
       Skin              |       |       |       |     4 ||     4
Dodge: Dodged            |    29 |    19 |    87 |    87 ||   222
Block: Shield            |    50 |    54 |    10 |       ||   114
